 Dungeon Crawl Stone Soup version 0.16-a0-148-g3b84123 (webtiles) character file.

90 Ratboiler the Cudgeler (level 4, 0/44 HPs)
             Began as an Ogre Artificer on Aug 15, 2014.
             Killed from afar by an orc wizard (5 damage)
             ... with a puff of flame
             ... on Level 3 of the Dungeon.
             The game lasted 00:05:45 (2320 turns).

Ratboiler the Cudgeler (Ogre Artificer)             Turns: 2320, Time: 00:05:45

HP   0/44        AC  3     Str 16      XL: 4   Next: 56%
MP   5/5         EV 10     Int 11      God:
Gold 125         SH  0     Dex 11      Spells:  0 memorised,  3 levels left

rFire  . . .     SeeInvis .     a - +1 club
rCold  . . .     Clarity  .     e - +0 robe
rNeg   . . .     rCorr    .     (shield restricted)
rPois  .         rRot     .     (helmet restricted)
rElec  .         Spirit   .     (no cloak)
SustAb +         Warding  .     (gloves unavailable)
rMut   .         Stasis   .     (boots unavailable)
Gourm  .                        (no amulet)
MR     .....                    (no ring)
                                m - ring of sustain abilities

@: not resistant to hostile enchantments, very unstealthy
A: unfitting armour, tough skin 1
a: no special abilities


You were on level 3 of the Dungeon.
You were not hungry.

You visited 1 branch of the dungeon, and saw 3 of its levels.

You collected 125 gold pieces.

Inventory:

Hand weapons
 a - a +1 club (weapon)
 j - a cursed -3 hunting sling
Missiles
 t - 2 large rocks (quivered)
Armour
 e - a +0 robe (worn)
Magical devices
 b - a wand of flame (15)
 c - a wand of enslavement (12)
 d - a wand of random effects (10)
Comestibles
 f - 2 meat rations
 l - 3 bread rations
 p - a beef jerky
 s - a royal jelly
 w - 3 chunks of orc flesh
Scrolls
 g - a scroll of teleportation {unknown}
 h - a scroll of fear {unknown}
 i - 2 scrolls of identify {unknown}
 k - a scroll of enchant weapon {unknown}
 o - a scroll of blinking {unknown}
Jewellery
 m - a ring of sustain abilities (left hand)
Potions
 n - 2 potions of curing {unknown}
 q - 2 potions of flight {unknown}
 u - a potion of brilliance {unknown}
Books
 r - a book of Annihilations {highlevel, unknown}

   This book is beyond your current level of understanding.

   Spells                             Type                      Level
   Poison Arrow                       Conjuration/Poison           6
   Chain Lightning                    Conjuration/Air              8
   Lehudib's Crystal Spear            Conjuration/Earth            8
   Glaciate                           Conjuration/Ice              9
   Fire Storm                         Conjuration/Fire             9
 v - a Necronomicon {highlevel, unknown}

   This book is beyond your current level of understanding.

   Spells                             Type                      Level
   Haunt                              Necromancy/Summoning         7
   Borgnjor's Revivification          Necromancy                   8
   Death's Door                       Charms/Necromancy            8
   Necromutation                      Transmutation/Necromancy     8


   Skills:
 + Level 2.9 Fighting
 * Level 4.2 Maces & Flails
 + Level 2.4 Dodging
 - Level 0.7 Stealth
 - Level 2.4 Evocations


You had 3 spell levels left.
You didn't know any spells.

Dungeon Overview and Level Annotations

Branches:
Dungeon (3/15)

Altars:
Nemelex Xobeh
Sif Muna
Xom
Zin


Innate Abilities, Weirdness & Mutations

You are too large for most types of armour.
You have tough skin (AC +1).


Message History

The orc wizard points at you and mumbles some strange words.
The puff of flame hits you!
* * * LOW HITPOINT WARNING * * *
The orc wizard hits you with a weird jewelled staff.
* * * LOW HITPOINT WARNING * * *
You closely miss the orc wizard.
The orc wizard is almost dead.
The orc wizard completely misses you.
You barely miss the orc wizard.
The orc wizard is almost dead.
The orc wizard hits you with a weird jewelled staff.
* * * LOW HITPOINT WARNING * * *
You completely miss the orc wizard.
The orc wizard is almost dead.
The orc wizard closely misses you.
You closely miss the orc wizard.
The orc wizard is almost dead.
The orc wizard points at you and mumbles some strange words.
The puff of flame hits you!
You die...

...........)<.......#
##.....#####.......#####
##....###.............#
# #....##..##(.........#
######.#..###.....)....#
.## #.#.## #..........#
..# ##...# #....%.<...#
..###..### ##.#.#######
...##..## #.#@#
........## #..o#
....##..........##
..[..#.######...
................
##......####...≈
##...)...#####.≈
#..##.....# #.≈
#..##.....# .


You could see an orc wizard.

Vanquished Creatures
  A worker ant (D:3)
  2 adders (D:2)
  A giant mite (D:3)
  A giant gecko (D:3)
  An ooze (D:3)
  3 orcs (D:3)
  6 bats
  5 giant cockroaches
  4 goblins
  4 hobgoblins
  2 jackals (D:2)
  A ball python (D:2)
  6 kobolds
  A quokka (D:2)
  3 rats
41 creatures vanquished.

Notes
Turn   | Place    | Note
--------------------------------------------------------------
     0 | D:1      | Ratboiler, the Ogre Artificer, began the quest for the Orb.
     0 | D:1      | Reached XP level 1. HP: 19/19 MP: 1/1
   275 | D:1      | Reached XP level 2. HP: 26/28 MP: 2/2
   822 | D:2      | Found a glowing silver altar of Zin.
   822 | D:2      | Noticed an angel
   823 | D:2      | Found a shimmering altar of Xom.
   857 | D:2      | Reached XP level 3. HP: 31/35 MP: 4/4
   992 | D:2      | Reached skill level 3 in Maces & Flails
  1117 | D:2      | Found a deep blue altar of Sif Muna.
  1847 | D:3      | Found a sparkling altar of Nemelex Xobeh.
  1927 | D:3      | Reached XP level 4. HP: 19/44 MP: 5/5
  2206 | D:3      | Reached skill level 4 in Maces & Flails
  2320 | D:3      | Killed from afar by an orc wizard

Action                   |  1- 3 |  4- 6 || total
-------------------------+-------+-------++-------
Melee: Club              |   141 |    22 ||   163
Throw: Large rock        |       |     2 ||     2
Evoke: Wand              |     6 |     2 ||     8
 Stab: Sleeping          |     1 |       ||     1
  Eat: Chunk             |     3 |     2 ||     5
